 Dungeon Crawl Stone Soup version 0.31-a0-188-g5e087ee2ca (webtiles) character file.

Game seed: 4718755328567166231

39 qw the Shooter (level 3, -1/20 HPs)
             Began as a Deep Elf Hunter on June 23, 2023.
             Killed from afar by Sigmund (7 damage)
             ... with a magic dart
             ... on level 2 of the Dungeon.
             The game lasted 00:00:21 (1080 turns).

qw the Shooter (Deep Elf Hunter)                    Turns: 1080, Time: 00:00:22

Health: -1/20      AC:  6    Str: 10    XL:     3   Next: 28%
Magic:  5/5        EV:  9    Int: 13    God:
Gold:   57         SH:  0    Dex: 18    Spells: 2/2 levels left

rFire   . . .        Y - +0 shortbow
rCold   . . .        (shield currently unavailable)
rNeg    . . .        h - +0 scale mail
rPois   .            (no helmet)
rElec   .            (no cloak)
rCorr   .            (no gloves)
SInv    .            (no boots)
Will    .....        (no amulet) Stlth
                     (no ring)
HPRegen 0.23/turn    (no ring)
MPRegen 0.09/turn

%: no passive effects
@: confused
A: no striking features
a: no special abilities


You were on level 2 of the Dungeon.
You visited 1 branch of the dungeon, and saw 2 of its levels.

You collected 57 gold pieces.


   Skills:
 - Level 1.5 Fighting
 + Level 6.9 Ranged Weapons
 - Level 2.4 Dodging
 - Level 1.2 Stealth


You had 2 spell levels left.
You didn't know any spells.
Your spell library was empty.

Inventory:

Hand Weapons
 Y - a +0 shortbow (weapon)
Armour
 h - a +0 scale mail (worn)
Scrolls
 b - a scroll of poison {unknown}
 d - a scroll of fog {unknown}
Potions
 c - a potion of haste {unknown}
 i - a potion of attraction {unknown}

Dungeon Overview and Level Annotations

Branches:
Dungeon (2/15)

Altars:

Annotations:
D:2 Sigmund


Message History

The puff of flame hits you!
Enter note:
Enter note:
Enter note:
Enter note:
1071 ||| READING scroll labelled FESHRES PERU.
As you read the scroll labelled FESHRES PERU, it crumbles to dust.
It is a scroll of enchant armour.
Really abort (and waste the scroll)?
Sigmund hits you but does no damage.
Enter note:
Enter note:
Enter note:
Enter note:
Enter note:
Enter note: You start resting.
Sigmund is nearby!
1074 ||| FLEEEEING.
There is an open door here.
1075 ||| FLEEEEING.
Enter note:
Enter note:
Enter note:
Enter note:
Enter note:
Enter note:
Enter note:
Enter note:
Enter note:
1076 ||| FLEEEEING.
You shoot an arrow.
The arrow hits Sigmund but does no damage.
Sigmund is severely wounded.
Sigmund points at you and mumbles some strange words.
You are confused.
Sigmund hits you from afar with a +0 scythe.
Sigmund gestures at you while chanting. The magic dart hits you!
You die...

.... #.....#.........#######
#....#.###.#.#####.#.#
#........#.# #.....#.#
..........#.#.......#..
.#....###.#.....###.#.##
...... #..############
#....^ #........... #....
####.####### #.....##
##@..## #......###.....###
#........@.........
##.....###......############
#..... #..................
#..... #.....####.........
....... #.....# #.........
....... #.....# #.........
....... #.....# #.........


You could see Sigmund.

Vanquished Creatures
  A dart slug (D:1)
  3 bats (D:1)
  6 endoplasms
  4 goblins (D:1)
  7 hobgoblins
  3 jackals (D:1)
  A quokka (D:1)
  A ball python (D:1)
  2 kobolds (D:1)
  3 rats
31 creatures vanquished.

Notes
Turn   | Place    | Note
-------+----------+-------------------------------------------
     0 | D:1      | qw the Deep Elf Hunter began the quest for the Orb.
     0 | D:1      | Reached XP level 1. HP: 12/12 MP: 3/3
     0 | D:1      | 0 ||| qw: Version: 0.3-a-9-g12657ce
     0 | D:1      | 0 ||| qw: Game counter: 3245
     0 | D:1      | 0 ||| qw: Always use a shield: true
     0 | D:1      | 0 ||| qw: God list: Okawaru
     0 | D:1      | 0 ||| qw: Allow faded altars: false
     0 | D:1      | 0 ||| qw: Do Orc after D:15 true
     0 | D:1      | 0 ||| qw: Do second Lair branch before Depths: true
     0 | D:1      | 0 ||| qw: Lair rune preference: random
     0 | D:1      | 0 ||| qw: Plans: Normal
     0 | D:1      | 0 ||| PLANNING D:1-11
   111 | D:1      | Reached XP level 2. HP: 16/16 MP: 4/4
   128 | D:1      | Reached skill level 6 in Ranged Weapons
   317 | D:1      | Reached XP level 3. HP: 20/20 MP: 5/5
   723 | D:1      | 723 ||| UPGRADING to +0 scale mail.
   733 | D:1      | 733 ||| DROPPING +0 leather armour.
   734 | D:1      | 734 ||| READING scroll labelled YKKOTU ETECEU.
   835 | D:1      | 835 ||| READING scroll labelled GIDI KEIGUL.
   836 | D:1      | 836 ||| READING scroll labelled MECURU OSSU.
   837 | D:1      | 837 ||| READING scroll labelled SEWUIZ NALUUD.
   838 | D:1      | 838 ||| DROPPING scroll of butterflies.
  1062 | D:2      | Noticed Sigmund
  1070 | D:2      | HP: 5/20 [Sigmund/puff of flame (9)]
  1071 | D:2      | 1071 ||| READING scroll labelled FESHRES PERU.
  1074 | D:2      | 1074 ||| FLEEEEING.
  1075 | D:2      | 1075 ||| FLEEEEING.
  1076 | D:2      | 1076 ||| FLEEEEING.
  1078 | D:2      | HP: 5/20 [Sigmund/+0 scythe (2)]
  1080 | D:2      | Killed from afar by Sigmund

Levels and vault maps discovered:
D:1:      beargit_arrival_diablo_church, layout_basic,
          chequers_serial_rivers_micro_c, minmay_quantized
D:2:      layout_basic, uniq_sigmund

Skill      XL: |  1  2 |
---------------+-------+-----
Ranged Weapons | 6 |  6.9
Fighting       | |  1.5
Dodging        | |  2.4
Stealth        | |  1.2

Action                     || total
---------------------------++-------
   Fire: Shortbow          ||    69
    Use: Scroll            ||     5
 Armour: Leather armour    ||     4
         Scale mail        ||     2
  Dodge: Dodged            ||     9

Table legend:
 A = Non-vault XP
 B = Vault XP
 C = Vault XP percentage of total XP
 D = Non-vault monster count
 E = Vault monster count
 F = Vault count percentage of total count
                 A         B        C        D         E       F
            +---------+---------+-------+---------+---------+-------
      Total |      52 |       5 |   8.8 |      27 |       4 |  12.9
            +---------+---------+-------+---------+---------+-------
        D:1 |      45 |       5 |  10.0 |      23 |       4 |  14.8
        D:2 |       7 |       0 |   0.0 |       4 |       0 |   0.0
            +---------+---------+-------+---------+---------+-------
